 Dungeon Crawl Stone Soup version 0.32-a0-42-ga30500b4d3 (webtiles) character file.

Game seed: 10857197263182696407

9 Newt the Trooper (level 2, 0/19 HPs)
             Began as a Gargoyle Fighter on Jan 31, 2024.
             Slain by a goblin
             ... wielding a +0 club
             ... led by Robin
              (1 damage)
             ... on level 2 of the Dungeon.
             The game lasted 00:00:37 (971 turns).

Newt the Trooper (Gargoyle Fighter)                  Turns: 971, Time: 00:00:38

Health: 0/19       AC:  9    Str: 19    XL:     2   Next: 16%
Magic:  2/2        EV:  6    Int:  8    God:
Gold:   11         SH:  4    Dex:  9    Spells: 1/1 levels left

rFire   . . .        a - +0 flail
rCold   . . .        c - +0 buckler
rNeg    + . .        b - +0 scale mail
rPois   ∞            (no helmet)
rElec   +            (no cloak)
rCorr   .            (no gloves)
SInv    .            (no boots)
Will    .....        (no amulet) Stlth
                     (no ring)
HPRegen 0.23/turn    (no ring)
MPRegen 0.08/turn

%: no passive effects
@: constricted
A: sickness immunity, AC +2, negative energy resistance 1, electricity
resistance, torment resistance 1, petrification resistance
a: no special abilities


You were on level 2 of the Dungeon.
You visited 1 branch of the dungeon, and saw 2 of its levels.

You collected 11 gold pieces.

Inventory:

Hand Weapons
 a - a +0 flail (weapon)
Armour
 b - a +0 scale mail (worn)
 c - a +0 buckler (worn)
Scrolls
 g - a scroll of fear
Potions
 d - a potion of might
 j - a potion of haste


   Skills:
 + Level 3.5 Fighting
 * Level 2.5 Maces & Flails
 - Level 3.2 Armour
 - Level 3.2 Shields


You had one spell level left.
You didn't know any spells.
Your spell library was empty.

Dungeon Overview and Level Annotations

Branches:
Dungeon (2/15)

Altars:

Annotations:
D:2 Robin


Innate Abilities, Weirdness & Mutations

You are immune to sickness and miasma.
Your stone body is resilient. (AC +2)
You are immune to poison.
You resist negative energy. (rN+)
You are resistant to electric shocks. (rElec)
You are resistant to unholy torment.
You are immune to petrification.


Message History

The goblin attacks as it pursues you! The goblin hits you but does no damage.
Robin's bangles clink loudly.
An adder comes into view.
The adder hisses angrily.
You barely miss the adder.
The goblin no longer looks unusually strong.
The hobgoblin no longer looks unusually strong. x2
The goblin hits you with a +0 club.
* * * LOW HITPOINT WARNING * * *
The adder bites you but does no damage.
Robin roars a battlecry!
The goblins go into a battle-frenzy!
The goblin barely misses you. The adder barely misses you.
The adder bites you but does no damage.
The ball python bites you but does no damage.
The ball python grabs you. The ball python constricts you.
Unknown command.
It was a potion of haste.
You feel yourself speed up.
The goblin no longer looks unusually strong.
The adder barely misses you.
The ball python bites you but does no damage.
The ball python constricts you.
* * * LOW HITPOINT WARNING * * *
You block the goblin's attack.
It was a potion of enlightenment.
You feel very buoyant.
You fly up into the air.
The goblin no longer looks unusually strong.
The adder bites you.
* * * LOW HITPOINT WARNING * * *
The ball python bites you but does no damage.
The ball python constricts you.
It was a potion of cancellation.
Your magical effects are unravelling.
You feel magically purged.
You feel yourself slow down.
You float gracefully downwards.
Your enlightenment fades.
The goblin hits you with a +0 club.
You die...

.# .# ##. #.. ####
#.# #....# #.#
#....######S#
######.......ggS@#
#.(...........gg##
#............gg##
#.........##.#####
#.........#.g....#
#.........g......#
###........g.....#
.................#
......[...########


You could see an adder, a hobgoblin (strong), 6 goblins and a ball python.

Vanquished Creatures
  A ball python (D:1)
  2 endoplasms (D:1)
  A goblin (D:1)
  A kobold (D:1)
  A quokka (D:1)
  2 rats (D:1)
8 creatures vanquished.

Notes
Turn   | Place    | Note
-------+----------+-------------------------------------------
     0 | D:1      | Newt the Gargoyle Fighter began the quest for the Orb.
     0 | D:1      | Reached XP level 1. HP: 14/14 MP: 1/1
   364 | D:1      | Reached XP level 2. HP: 19/19 MP: 2/2
   955 | D:2      | Noticed Robin
   971 | D:2      | Slain by a goblin

Illustrated notes

Levels and vault maps discovered:
D:1:      eino_arrival_cavern_b, layout_basic, nrook_mini_vaults
D:2:      layout_basic, basic_altar, uniq_robin

Action                     || total
---------------------------++-------
  Melee: Flail             ||    27
    Use: Scroll            ||     5
         Potion            ||     3
 Armour: Scale mail        ||    34
  Dodge: Dodged            ||    13
  Block: Buckler           ||    10

Table legend: (Time is in decaauts)
 A = Elapsed time spent in this place.
 B = Non-inter-level travel time spent in this place.
 C = Inter-level travel time spent in this place.
 D = Time resting spent in this place.
 E = Time spent auto-exploring this place.
 F = Levels seen in this place.
 G = Mean time per level.
                   A        B        C        D        E       F      G
               +--------+--------+--------+--------+--------+-----+--------+
         Total |    980 |    955 |     25 |      0 |    860 |   2 |  490.0 |
       Dungeon |    980 |    955 |     25 |      0 |    860 |   2 |  490.0 |
               +--------+--------+--------+--------+--------+-----+--------+

Top non-repeatable levels by time:
     D:1: 959 daAuts
     D:2: 20 daAuts
